 Dungeon Crawl Stone Soup version 0.27-a0-1548-gf8a67e7463 (webtiles) character file.

Game seed: 5632372898618818541

10 elagabalus the Ruffian (level 2, 31/31 HPs)
             Began as a Troll Berserker on July 13, 2021.
             Was a Follower of Trog.
             Quit the game on level 1 of the Dungeon.
             The game lasted 00:04:22 (408 turns).

elagabalus the Ruffian (Troll Berserker)             Turns: 408, Time: 00:04:22

Health: 31/31      AC:  4    Str: 24    XL:     2   Next: 10%
Magic:  1/1        EV: 10    Int:  3    God:    Trog [*.....]
Gold:   31         SH:  0    Dex:  9    Spells: 1/1 levels left

rFire    . . .     SeeInvis .     - Unarmed
rCold    . . .     Faith    .   (no shield)
rNeg     . . .     Spirit   .   a - +0 animal skin
rPois    .         Reflect  .   (helmet restricted)
rElec    .         Harm     .   (no cloak)
rCorr    .         Rampage  .   (gloves unavailable)
Will     .....                  (boots unavailable)
Stlth    +.........             (no amulet)
HPRegen  1.10/turn              (no ring)
MPRegen  0.07/turn              (no ring)

@: no status effects
A: large, unfitting armour, claws 3, regeneration 1, shaggy fur 1, tough skin 1
a: Renounce Religion, Berserk


You were on level 1 of the Dungeon.
You worshipped Trog.
Trog was aware of your devotion.
You visited 1 branch of the dungeon, and saw 1 of its levels.

You collected 31 gold pieces.

Inventory:

Armour
 a - a +0 animal skin (worn)
Scrolls
 b - a scroll of acquirement {unknown}
 c - 2 scrolls of identify {unknown}
Potions
 d - a potion of brilliance {unknown}


   Skills:
 - Level 3.0 Fighting
 * Level 2.4 Dodging
 - Level 3.0 Unarmed Combat


You had one spell level left.
You didn't know any spells.
Your spell library was empty.

Dungeon Overview and Level Annotations

Branches:
Dungeon (1/15)

Altars:


Innate Abilities, Weirdness & Mutations

You are too large for most types of armour.
You have claws for hands.
Your natural rate of healing is unusually fast.
You are covered in fur. (AC +1)
You have tough skin. (AC +1)


Message History

Found a stone staircase leading down.
Found a whip.
A rat comes into view.
Found a scroll labelled ONOBLAAMADD.
A giant cockroach comes into view.
You closely miss the rat. The rat bites you.
You scratch the rat.
You kill the rat!
Trog accepts your kill. The giant cockroach barely misses you.
You claw the giant cockroach!
You kill the giant cockroach!
Trog accepts your kill.
Your Fighting skill increases to level 3!
You have reached level 2!
You see here a rat corpse.
Found 17 arrows.
Found a dagger and a hand axe.
A jackal comes into view.
Found 16 poisoned darts.
The jackal barks!
You see here a scroll labelled ONOBLAAMADD.
c - a scroll labelled ONOBLAAMADD You barely miss the jackal.
The jackal bites you. x2
You scratch the jackal.
You kill the jackal!
Trog accepts your kill.
You see here a +0 dagger.
You see here 16 poisoned darts.
You see here a +0 hand axe.
Found a purple potion.
d - a purple potion
There is a faded altar of an unknown god here.
Found 9 gold pieces.
You now have 31 gold pieces (gained 9).
Found a scroll labelled ONOBLAAMADD.
c - 2 scrolls labelled ONOBLAAMADD (gained 1)
Found a book of Necromancy.
You see here a book of Necromancy.
Are you sure you want to abandon this character and quit the game? (Confirm with "yes".)

.## ..# #.# #.# ###.# ###...#
#.....# ######..♣♣♣.#
##.@..P.♣♣♣P.##
##.....♣P♣♣....##
#......PPP......# P
#....P.♣♣P......# ..##
#.....P♣........#
...##...>.P.........#
#..................#
############...............##
......>.............#.....##


There were no monsters in sight!

Vanquished Creatures
  2 ball pythons (D:1)
  A giant cockroach (D:1)
  3 jackals (D:1)
  A quokka (D:1)
  A frilled lizard (D:1)
  A rat (D:1)
9 creatures vanquished.

Notes
Turn   | Place    | Note
-------+----------+-------------------------------------------
     0 | D:1      | elagabalus the Troll Berserker began the quest for the Orb.
     0 | D:1      | Reached XP level 1. HP: 22/22 MP: 0/0
   195 | D:1      | Found a faded altar of an unknown god.
   213 | D:1      | Reached XP level 2. HP: 31/31 MP: 1/1
   408 | D:1      | Quit the game

Illustrated notes

Levels and vault maps discovered:
D:1:      dpeg_arrival_ternary, layout_rooms, serial_forest,
          infiniplex_forest_lined_3, infiniplex_forest_clump_diagonal,
          infiniplex_forest_zigzag_2, infiniplex_forest_clump_medium,
          infiniplex_forest_lined_3, infiniplex_forest_zigzag_2,
          infiniplex_forest_straight_3, infiniplex_forest_clump_curved,
          infiniplex_forest_zigzag_2, chequers_ecumenical_altar_simple_redux,
          minmay_pentomino_q2

Skill      XL: |  1 |
---------------+----+-----
Fighting       | 3 |  3.0
Dodging        | |  2.4
Unarmed Combat | |  3.0

Action                   || total
-------------------------++-------
Melee: Unarmed           ||    22
Invok: Berserk           ||     1
Armor: Animal skin       ||    12
Dodge: Dodged            ||    12

Table legend: (Time is in decaauts)
 A = Elapsed time spent in this place.
 B = Non-inter-level travel time spent in this place.
 C = Inter-level travel time spent in this place.
 D = Time resting spent in this place.
 E = Time spent auto-exploring this place.
 F = Levels seen in this place.
 G = Mean time per level.
                   A        B        C        D        E       F      G
               +--------+--------+--------+--------+--------+-----+--------+
         Total |    419 |    145 |    274 |      0 |      0 |   1 |  419.0 |
       Dungeon |    419 |    145 |    274 |      0 |      0 |   1 |  419.0 |
               +--------+--------+--------+--------+--------+-----+--------+

Top non-repeatable levels by time:
     D:1: 419 daAuts
